 Dungeon Crawl Stone Soup version 0.29-a0-91-gdebf4667c2 (webtiles) character file.

Game seed: 5061167445383407382

593 drugrobin the Poker (level 6, -4/50 HPs)
             Began as a Demigod Warper on Feb 7, 2022.
             Succumbed to a scorpion's poison
             ... on level 5 of the Dungeon.
             The game lasted 00:15:55 (6529 turns).

drugrobin the Poker (Demigod Warper)                Turns: 6529, Time: 00:15:56

Health: -4/50      AC:  5    Str: 20    XL:     6   Next: 94%
Magic:  1/11       EV: 11    Int: 15    God:
Gold:   365        SH:  0    Dex: 13    Spells: 3/8 levels left

rFire   . . .      SeeInvis .   a - +1 spear
rCold   . . .      Faith    .   (no shield)
rNeg    . . .      Spirit   +   b - +0 leather armour
rPois   .          Reflect  .   (no helmet)
rElec   .          Harm     .   q - +1 cloak
rCorr   .          Rampage  .   (no gloves)
Will    .....                   (no boots)
Stlth   +.........              o - amulet of guardian spirit
HPRegen 0.16/turn               (no ring)
MPRegen 0.12/turn               (no ring)

@: lethally poisoned (-4 -> -18)
A: high MP 1, forlorn, divine attributes
a: no special abilities


You were on level 5 of the Dungeon.
You visited 1 branch of the dungeon, and saw 6 of its levels.
You also visited: Ossuary.

You collected 376 gold pieces.
You spent 11 gold pieces at shops.

Inventory:

Hand Weapons
 a - a +1 spear (weapon)
Missiles
 d - 5 boomerangs of dispersal
 e - 100 stones (quivered)
 k - 45 sling bullets
 m - a throwing net
 r - 6 poisoned darts
Armour
 b - a +0 leather armour (worn)
 q - a +1 cloak (worn)
Jewellery
 o - an amulet of guardian spirit (around neck)
 A - a +6 ring of dexterity
Wands
 y - a wand of flame (8)
Scrolls
 c - a scroll of blinking
 f - a scroll of brand weapon
 p - a scroll of summoning {unknown}
 s - 2 scrolls of fear {unknown}
 w - a scroll of silence {unknown}
 x - a scroll of torment {unknown}
 z - 4 scrolls of teleportation {unknown}
Potions
 g - a potion of brilliance
 h - 4 potions of curing {unknown}
 i - a potion of lignification {unknown}
 j - a potion of flight {unknown}
 l - a potion of cancellation {unknown}
 n - a potion of invisibility {unknown}
 u - 3 potions of berserk rage
 B - 2 potions of might


   Skills:
 + Level 2.5 Fighting
 + Level 7.0 Polearms
 - Level 0.8 Throwing
 - Level 0.8 Armour
 - Level 1.7 Dodging
 - Level 1.7 Spellcasting
 - Level 2.6 Translocations


You had 3 spell levels left.
You knew the following spells:

 Your Spells              Type           Power      Damage    Failure   Level
a - Teleport Other        Tloc           9%         N/A       26%         3
b - Blink                 Tloc           18%        N/A       14%         2

Your spell library contained the following spells:

 Spells                   Type           Power      Damage    Failure   Level
 Gell's Gravitas          Tloc           9%         N/A       26%         3
 Lesser Beckoning         Tloc           9%         N/A       26%         3
 Corpse Rot               Necr/Air       2%         N/A       38%         2
 Poisonous Vapours        Pois/Air       2%         N/A       38%         2
 Manifold Assault         Tloc           9%         N/A       94%         5


Dungeon Overview and Level Annotations

Branches:
Dungeon (6/15)            Ossuary (visited)
 Temple: D:4-7

Shops:
D:1 (   D:5 *

Annotations:
D:5 Grinder


Innate Abilities, Weirdness & Mutations

You have an increased reservoir of magic. (+10% MP)
You shall have no god before yourself.
Your divine heritage dramatically boosts your attributes as you level up.


Message History

You hit the phantom. Your punch misses the phantom.
The phantom is moderately damaged.
The phantom hits you.
You barely miss the phantom.
The phantom is moderately damaged.
The phantom completely misses you.
You hit the phantom.
The phantom is moderately damaged.
You completely miss the phantom.
The phantom is moderately damaged.
The phantom hits you.
The phantom blinks!
You blink.
A scorpion, a gnoll shaman and 3 gnolls come into view.
You hit the phantom but do no damage. Your punch misses the phantom.
The phantom is moderately damaged.
The gnoll shaman shouts!
The gnoll shouts! x2; You hear a shout!
The phantom hits you. The phantom hits you. The scorpion stings you.
You are poisoned.
The scorpion poisons you! The phantom hits you.
You feel very sick.
You feel sick.
You feel sick. The phantom hits you!
* * * LOW HITPOINT WARNING * * *
The scorpion stings you.
* * * LOW HITPOINT WARNING * * *
You are lethally poisoned!
The scorpion poisons you!
There is a stone staircase leading up, spattered with blood here.
Unknown command.
* * * LOW HITPOINT WARNING * * *
You feel very sick.
The gnoll hits you from afar with a +0 spear.
* * * LOW HITPOINT WARNING * * *
The scorpion stings you.
* * * LOW HITPOINT WARNING * * *
The phantom misses you.
You climb upwards.
Level annotation: Grinder You die...

##############
#.....s.......
#.....@.......
#......W......
#....##...####
#.... ...#
#... Z....
#### ......
...$...
.......


You could see a phantom, a scorpion and a bullfrog zombie.

Vanquished Creatures
  A black bear (D:6)
  A phantom (D:4)
  A kobold brigand (D:4)
  A bullfrog zombie (D:5)
  3 iguanas
  An orc wizard (D:3)
  8 mummies (Ossuary)
  3 adders
  2 ufetubi
  2 worms (D:3)
  4 orcs
  A bat (D:1)
  8 endoplasms
  5 giant cockroaches
  7 goblins
  3 hobgoblins
  4 jackals (D:1)
  3 quokkas
  8 ball pythons
  3 frilled lizards
  4 hobgoblin zombies (Ossuary)
  9 kobolds
  2 kobold zombies (Ossuary)
  2 orc zombies (Ossuary)
  4 rats
90 creatures vanquished.

Vanquished Creatures (others)
  21 plants (D:4)
21 creatures vanquished.

Grand Total: 111 creatures vanquished

Notes
Turn   | Place    | Note
-------+----------+-------------------------------------------
     0 | D:1      | drugrobin the Demigod Warper began the quest for the Orb.
     0 | D:1      | Reached XP level 1. HP: 17/17 MP: 5/5
    38 | D:1      | Reached skill level 2 in Polearms
   160 | D:1      | Reached XP level 2. HP: 15/24 MP: 7/7
   558 | D:1      | Found Woj Citt's Antique Weapon Emporium.
   591 | D:1      | Reached skill level 3 in Polearms
  1346 | D:2      | Reached XP level 3. HP: 24/29 MP: 8/8
  1598 | D:2      | HP: 1/29 [poisoned by an adder]
  1974 | D:3      | Reached skill level 4 in Polearms
  1980 | D:3      | Reached XP level 4. HP: 16/36 MP: 4/9
  3439 | D:4      | Noticed a necrophage
  3561 | D:3      | Learned a level 3 spell: Teleport Other
  3564 | D:3      | Learned a level 2 spell: Blink
  3782 | D:4      | Noticed a phantom
  3843 | D:4      | Killed a phantom
  3844 | D:4      | Reached skill level 5 in Polearms
  3844 | D:4      | Reached XP level 5. HP: 15/41 MP: 6/10
  4392 | D:4      | HP: 2/41 [poisoned by a kobold]
  4754 | D:4      | Reached skill level 6 in Polearms
  5326 | D:5      | Entered Level 5 of the Dungeon
  5359 | D:5      | Reached XP level 6. HP: 17/48 MP: 4/11
  5447 | D:5      | Found Nimer's Needful Niceties.
  5604 | D:5      | Bought a scroll of noise for 11 gold pieces
  5722 | D:5      | Noticed Grinder
  5761 | D:6      | Found a sand-covered staircase.
  5765 | Ossuary  | Entered an ossuary
  6474 | D:6      | Reached skill level 7 in Polearms
  6528 | D:6      | HP: 1/50 [scorpion (3)]
  6529 | D:5      | Succumbed to a scorpion's poison

Illustrated notes

Levels and vault maps discovered:
D:1:      moated_graveyard_arrival, layout_basic,
          hellmonk_ecumenical_altar_arch_garden, serial_shops,
          nicolae_diamond_shop, corexii_hall_statues_u
D:2:      layout_rooms
D:3:      layout_basic
D:4:      layout_basic, grunt_decor_resistance, lexackson_kobold_supper
D:5:      layout_gridville, mainiacjoe_overflow_chevrons,
          mainiacjoe_overflow_cross_hatched, temple_doors_e,
          nicolae_alphabet_shops, uniq_grinder, uniq_crazy_yiuf_cottage
D:6:      layout_layer_cave, mainiacjoe_overflow_concentric_impassable,
          enter_ossuary_5, uniq_edmund

Skill      XL: |  1  2  3  4  5  6 |
---------------+-------------------+-----
Polearms       | 2 3 4 5 6 7 |  7.0
Fighting       | 2 |  2.5
Throwing       | |  0.8
Armour         | |  0.8
Dodging        | |  1.7
Spellcasting   | |  1.7
Translocations | |  2.6

Action                   |  1- 3 |  4- 6 || total
-------------------------+-------+-------++-------
Melee: Spear             |   158 |   347 ||   505
       Punch             |     1 |     2 ||     3
Throw: Dart              |       |    12 ||    12
       Stone             |       |    28 ||    28
 Cast: Blink             |       |     5 ||     5
Evoke: Wand              |       |    14 ||    14
  Use: Potion            |     1 |     1 ||     2
       Scroll            |       |     8 ||     8
Armor: Leather armour    |    31 |    45 ||    76
Dodge: Dodged            |    71 |   132 ||   203

Table legend: (Time is in decaauts)
 A = Elapsed time spent in this place.
 B = Non-inter-level travel time spent in this place.
 C = Inter-level travel time spent in this place.
 D = Time resting spent in this place.
 E = Time spent auto-exploring this place.
 F = Levels seen in this place.
 G = Mean time per level.
                   A        B        C        D        E       F      G
               +--------+--------+--------+--------+--------+-----+--------+
         Total |   6465 |   6309 |    156 |   1128 |   3732 |   7 |  923.6 |
       Dungeon |   5807 |   5651 |    156 |    896 |   3556 |   6 |  967.8 |
       Ossuary |    658 |    658 |      0 |    232 |    176 |   1 |  658.0 |
               +--------+--------+--------+--------+--------+-----+--------+

Top non-repeatable levels by time:
     D:4: 2011 daAuts
     D:3: 1464 daAuts
     D:1: 1165 daAuts
 Ossuary: 658 daAuts
     D:2: 649 daAuts
     D:5: 395 daAuts
     D:6: 121 daAuts
